 Dungeon Crawl Stone Soup version 0.25-a0-663-gace7076f2c (webtiles) character file.

Game seed: 7878000296189495309, levelgen mode: deterministic

236 ReteAZ the Ruffian (level 6, -17/53 HPs)
             Began as a Ghoul Fighter on Mar 24, 2020.
             Was an Initiate of Makhleb.
             Demolished by an ogre
             ... wielding a +0 giant club
              (21 damage)
             ... on level 4 of the Dungeon.
             The game lasted 00:03:40 (2488 turns).

ReteAZ the Ruffian (Ghoul Fighter)                  Turns: 2488, Time: 00:03:40

Health: -17/53     AC:  5    Str: 20    XL:     6   Next: 6%
Magic:  5/5        EV:  8    Int:  5    God:    Makhleb [......]
Gold:   90         SH:  9    Dex:  8    Spells: 5/5 levels left

rFire    . . .     SeeInvis .     - Unarmed
rCold    + . .     Gourm    .   b - +0 kite shield
rNeg     + + +     Faith    .   f - +0 leather armour (curse)
rPois    ∞         Spirit   .   j - +1 hat
rElec    .         Reflect  .   (no cloak)
rCorr    .         Harm     .   t - +0 pair of gloves
MR       .....                  (no boots)
Stlth    +.........             (no amulet)
HPRegen  0.00/turn              m - ring of wizardry
MPRegen  0.09/turn              (no ring)

@: rotting, lightly drained
A: rotting body, claws 1, carnivore, cold resistance 1, negative energy
resistance 3, inhibited regeneration, torment resistance, unbreathing
a: Renounce Religion


You were on level 4 of the Dungeon.
You worshipped Makhleb.
Makhleb was noncommittal.
You were not hungry.

You visited 1 branch of the dungeon, and saw 4 of its levels.

You collected 90 gold pieces.

Inventory:

Missiles
 k - 13 poisoned darts (quivered)
Armour
 a - a +0 scale mail
 b - a +0 kite shield (worn)
 f - a cursed +0 leather armour (worn)
 j - a +1 hat (worn)
 t - a +0 pair of gloves (worn)
Jewellery
 m - a ring of wizardry (left hand)
Wands
 u - a wand of flame (10)
Scrolls
 e - 3 scrolls of identify {unknown}
 i - a scroll of amnesia {unknown}
 l - a scroll of remove curse {unknown}
 n - a scroll of teleportation {unknown}
 o - a scroll of fear {unknown}
 p - a scroll of enchant weapon {unknown}
 q - a scroll of magic mapping {unknown}
Potions
 c - a potion of might
 g - 2 potions of lignification {unknown}
 r - a potion of haste {unknown}
Comestibles
 d - 10 rations
 s - 2 chunks of flesh


   Skills:
 + Level 4.3(4.2) Fighting
 + Level 3.5(3.4) Armour
 + Level 3.5(3.4) Shields
 * Level 4.5(4.4) Unarmed Combat


You had 5 spell levels left.
You didn't know any spells.
Your spell library was empty.

Dungeon Overview and Level Annotations

Branches:
Dungeon (4/15)
 Temple: D:4-7

Altars:
Ashenzari
Dithmenos
Hepliaklqana
Makhleb
Nemelex Xobeh
Qazlal
Ru
Yredelemnul


Innate Abilities, Weirdness & Mutations

Your body is rotting away.
You thrive on raw meat.
You are immune to poison.
You have sharp fingernails.
You are carnivorous and can eat meat at any time.
Your flesh is cold resistant. (rC+)
You are immune to negative energy. (rN+++)
You do not regenerate when monsters are visible.
You are immune to unholy pain and torment.
You can survive without breathing.


Message History

* * * LOW HITPOINT WARNING * * *
You hit the ogre.
The ogre is heavily wounded.
You block the ogre's attack.
You hit the ogre.
The ogre is heavily wounded.
The ogre closely misses you.
You completely miss the ogre.
The ogre is heavily wounded.
The ogre hits you with a +0 giant club!
* * * LOW HITPOINT WARNING * * *
You barely miss the ogre.
The ogre is heavily wounded.
You hit the ogre but do no damage.
The ogre is heavily wounded.
The ogre barely misses you.
You barely miss the ogre.
The ogre is heavily wounded.
The ogre hits you with a +0 giant club!!
You die...

#.#####
..!....
.......
##.......
.. .....
.. ...##
#. #..#
#.#####O#
#.....@.#
##.P.P..#
#.._...#
#.P.P.##
#.....#
#.#.###
#...#
#.### #.#


You could see an ogre.

Vanquished Creatures
  An ogre (D:3)
  A worker ant (D:4)
  4 adders
  2 worms (D:3)
  2 dart slugs (D:1)
  4 orcs (D:3)
  8 bats
  5 giant cockroaches
  15 goblins
  5 hobgoblins
  3 jackals (D:3)
  A quokka (D:3)
  A ball python (D:1)
  4 frilled lizards
  7 kobolds
  10 rats
73 creatures vanquished.

Notes
Turn   | Place    | Note
-------+----------+-------------------------------------------
     0 | D:1      | ReteAZ the Ghoul Fighter began the quest for the Orb.
     0 | D:1      | Reached XP level 1. HP: 19/19 MP: 0/0
    52 | D:1      | Reached XP level 2. HP: 3/26 MP: 1/1
   565 | D:1      | Reached XP level 3. HP: 30/31 MP: 2/2
  1377 | D:2      | You fall into a shaft and drop 1 floor!
  1377 | D:3      | Found a shadowy altar of Dithmenos.
  1413 | D:3      | Reached XP level 4. HP: 28/40 MP: 3/3
  1628 | D:3      | Found a sparkling altar of Nemelex Xobeh.
  1868 | D:3      | Noticed an ogre
  1899 | D:3      | Killed an ogre
  1899 | D:3      | Reached XP level 5. HP: 21/46 MP: 4/4
  2026 | D:3      | Found a burning altar of Makhleb.
  2026 | D:3      | Found a shattered altar of Ashenzari.
  2026 | D:3      | Found a hazy altar of Hepliaklqana.
  2027 | D:3      | Found a stormy altar of Qazlal.
  2052 | D:3      | Became a worshipper of Makhleb the Destroyer
  2385 | D:3      | Found a sacrificial altar of Ru.
  2449 | D:4      | Found a basalt altar of Yredelemnul.
  2460 | D:4      | Noticed an ogre
  2476 | D:4      | Reached XP level 6. HP: 6/53 MP: 5/5
  2488 | D:4      | Demolished by an ogre

Levels and vault maps discovered:
D:1:      onia_arrival_larder, layout_basic, minivault_26
D:2:      layout_basic, nrook_campfire
D:3:      layout_loops_ring, nicolae_ru_path_of_blood,
          nicolae_dithmenos_through_a_glass_darkly,
          nemelex_xobeh_ov_fountains_minmay, grunt_temple_overflow_open,
          minmay_ogre_servants
D:4:      layout_rooms, lemuel_doored_altar, yredelemnul_altar_generic,
          fedhas_altar_fruit_tree, temple_statues, first_ration

Skill      XL: |  1  2  3  4 |
---------------+-------------+-----
Unarmed Combat | 3 4 |  4.5
Shields        | 3 |  3.5
Armour         | 3 |  3.5
Fighting       | 4 |  4.3

Action                   |  1- 3 |  4- 6 || total
-------------------------+-------+-------++-------
Melee: Unarmed           |   186 |   154 ||   340
Throw: Dart              |       |    13 ||    13
  Use: Potion            |       |     3 ||     3
  Eat: Chunk             |    12 |    12 ||    24
Armor: Scale mail        |    76 |    55 ||   131
       Leather armour    |       |     6 ||     6
Dodge: Dodged            |    44 |    38 ||    82
Block: Kite shield       |    68 |    51 ||   119

Table legend:
 A = Non-vault XP
 B = Vault XP
 C = Vault XP percentage of total XP
 D = Non-vault monster count
 E = Vault monster count
 F = Vault count percentage of total count
                 A         B        C        D         E       F
            +---------+---------+-------+---------+---------+-------
      Total |     189 |     149 |  44.1 |      59 |      14 |  19.2
            +---------+---------+-------+---------+---------+-------
        D:1 |      37 |       8 |  17.8 |      23 |       5 |  17.9
        D:2 |      30 |       0 |   0.0 |      11 |       0 |   0.0
        D:3 |      72 |     141 |  66.2 |      23 |       9 |  28.1
        D:4 |      50 |       0 |   0.0 |       2 |       0 |   0.0
            +---------+---------+-------+---------+---------+-------
